 Dungeon Crawl Stone Soup version 0.19-a0-905-ge5e6a15 (webtiles) character file.

2109 Lessnames the Carver (level 8, -3/73 HPs)
             Began as a Demigod Fighter on July 5, 2016.
             Slain by a black bear (7 damage)
             ... on level 7 of the Dungeon.
             The game lasted 00:14:51 (6874 turns).

Lessnames the Carver (Demigod Fighter)              Turns: 6874, Time: 00:14:52

Health: -3/73      AC: 10    Str: 19    XL:     8   Next: 80%
Magic:  10/10      EV:  6    Int: 14    God:
Gold:   180        SH:  8    Dex: 17    Spells: 2 memorised, 5 levels left

rFire  + . .     SeeInvis .     N - +2 scimitar (curse)
rCold  . . .     Gourm    .     r - +2 scale mail {rF+}
rNeg   . . .     Faith    .     c - +0 shield
rPois  .         Spirit   .     (no helmet)
rElec  .         Dismiss  .     M - +0 cloak
rCorr  .         Reflect  .     I - +0 pair of gloves
SustAt +         Harm     .     (no boots)
MR     .....                    (no amulet)
Stlth  ..........               (no ring)
                                (no ring)

@: heavily drained, not resistant to hostile enchantments, extremely unstealthy
A: clever 1, high mp 1, weak 1, no device heal 1, sustain attributes
a: no special abilities


You were on level 7 of the Dungeon.
You were very hungry.

You visited 1 branch of the dungeon, and saw 7 of its levels.
You also visited: Sewer.

You collected 245 gold pieces.
You spent 65 gold pieces at shops.

Inventory:

Hand Weapons
 v - a +0 blowgun
 F - the +6 rapier of the Establishment {pierce, rN+}
   (You found it on level 4 of the Dungeon)

   It inflicts extra damage upon your enemies.
   It protects you from negative energy.
 N - a cursed +2 scimitar (weapon)
Missiles
 w - 3 curare-tipped needles
Armour
 c - a +0 shield (worn)
 r - a +2 scale mail of fire resistance (worn)
 I - a +0 pair of gloves (worn)
 M - a +0 cloak (worn)
Wands
 D - a wand of lightning (3/15)
 J - a wand of lightning (5/15)
 L - a wand of iceblast (8/15)
Scrolls
 b - 5 scrolls of teleportation {unknown}
 g - 2 scrolls of recharging {unknown}
 i - a scroll of noise {unknown}
 j - 4 scrolls of enchant weapon {unknown}
 k - 3 scrolls of blinking {unknown}
 o - 2 scrolls of magic mapping {unknown}
 y - a scroll of fear {unknown}
 z - 2 scrolls of remove curse {unknown}
 B - a scroll of enchant armour {unknown}
 C - a scroll of immolation {unknown}
 G - a scroll of identify
 H - a scroll of amnesia {unknown}
Potions
 d - a potion of agility
 e - 2 potions of beneficial mutation
 h - 13 potions of curing
 n - 4 potions of flight
 p - a potion of berserk rage
 s - 4 potions of heal wounds
 t - 4 potions of brilliance
 u - 2 potions of might
 x - a potion of lignification
 A - 2 potions of haste
 K - 2 potions of mutation {unknown}
Comestibles
 f - 4 bread rations
 l - a meat ration
 m - 3 beef jerkies
 q - 7 fruits
 E - a slice of pizza


   Skills:
 + Level 7.3(5.5) Fighting
 + Level 8.8(6.9) Long Blades
 - Level 2.6(1.1) Armour
 - Level 2.6(1.1) Shields


You had 5 spell levels left.
You knew the following spells:

 Your Spells              Type           Power        Failure   Level  Hunger
a - Summon Butterflies    Summ           #.......     100%        1    ##.....
b - Apportation           Tloc           #.........   100%        1    ##.....


Dungeon Overview and Level Annotations

Branches:
Dungeon (7/15)
 Temple: D:4-7

Shops:
D:4 =   D:7 !


Innate Abilities, Weirdness & Mutations

You have an increased reservoir of magic. (+10% MP)
Your attributes are resistant to harm.
Your mind is acute. (Int +2)
You are weak. (Str -2)
Potions and wands are less effective at restoring your health.


Message History

The black bear barely misses you.
The black bear claws you but does no damage.
You block the black bear's attack. x2
The black bear claws you but does no damage.
The black bear claws you.
* * * LOW HITPOINT WARNING * * *
Your shield prevents you from hitting the black bear.
The black bear is almost dead.
The black bear bites you.
* * * LOW HITPOINT WARNING * * *
The black bear claws you but does no damage. x2
The black bear bites you but does no damage.
The black bear barely misses you. The black bear claws you.
* * * LOW HITPOINT WARNING * * *
You hit the black bear but do no damage.
The black bear is almost dead.
The black bear bites you but does no damage.
The black bear barely misses you. You block the black bear's attack.
The black bear bites you!
You die...

#######.## #...)....#
#.#####..# .... #...#
#..# .... #...######
...$. #...##...###
..... #..........###
......#.#...)).....##
......###@#####.....##
.........h..#
###....##
.....##.....# ###...##
............# ##...###
#######.....# ##....#
#.....# ##.... #.....#
##... #$....# ###.
......# ##


You could see a black bear (berserk).

Vanquished Creatures
  Menkaure (D:6)
  Edmund (D:4)
  2 sky beasts
  2 ogres (D:5)
  2 big kobolds (Sewer)
  A giant frog (D:6)
  8 wights (D:7)
  2 howler monkeys
  4 crimson imps
  A jelly (D:7)
  A hound (D:4)
  2 centaur skeletons
  2 orc priests
  Crazy Yiuf (D:6)
  Natasha (twice) (D:3)
  3 orc wizards
  3 worker ants (D:4)
  4 gnolls (D:5)
  8 adders
  7 river rats (Sewer)
  3 shadow imps
  2 oozes
  2 adder skeletons (D:6)
  3 worms
  4 dart slugs
  5 giant geckos
  14 orcs
  6 ball pythons
  4 giant cockroaches
  6 goblins
  2 hobgoblins (D:1)
  16 jackals
  A quokka (D:4)
  6 bats
  12 giant newts
  26 kobolds
  2 quokka skeletons
  29 rats
200 creatures vanquished.

Notes
Turn   | Place    | Note
-------+----------+-------------------------------------------
     0 | D:1      | Lessnames the Demigod Fighter began the quest for the Orb.
     0 | D:1      | Reached XP level 1. HP: 18/18 MP: 3/3
    22 | D:1      | Reached skill level 2 in Long Blades
   111 | D:1      | Reached XP level 2. HP: 17/25 MP: 4/4
   455 | D:1      | Reached skill level 3 in Long Blades
   873 | D:1      | Reached XP level 3. HP: 30/30 MP: 5/5
  1430 | D:2      | Found an iron altar of Okawaru.
  1647 | D:3      | Found a glowing drain.
  1653 | D:3      | Noticed Natasha
  1659 | D:3      | Killed Natasha
  1659 | D:3      | Reached skill level 4 in Long Blades
  1659 | D:3      | Reached XP level 4. HP: 26/38 MP: 6/6
  1762 | Sewer    | Entered a sewer
  2174 | Sewer    | Reached XP level 5. HP: 38/45 MP: 7/7
  2326 | Sewer    | Reached skill level 5 in Long Blades
  2335 | Sewer    | Reached XP level 6. HP: 25/52 MP: 8/8
  3104 | D:3      | Found a faded altar of an unknown god.
  3157 | D:3      | Found an oddly glowing altar of Pakellas.
  3198 | D:3      | Noticed Natasha
  3202 | D:3      | Killed Natasha
  3656 | D:4      | Found a white marble altar of Elyvilon.
  3668 | D:4      | Learned a level 1 spell: Summon Butterflies
  3671 | D:4      | Learned a level 1 spell: Apportation
  3711 | D:4      | Reached skill level 6 in Long Blades
  3825 | D:4      | Noticed Edmund
  3876 | D:4      | Killed Edmund
  3876 | D:4      | Reached XP level 7. HP: 14/60 MP: 9/9
  4306 | D:4      | Found Xixecox's Jewellery Emporium.
  4442 | D:4      | Got a smoking rapier
  4443 | D:4      | Identified the +6 rapier of the Establishment {pierce, rN+} (You found it on level 4 of the Dungeon)
  4490 | D:4      | Reached skill level 5 in Fighting
  4809 | D:5      | Entered Level 5 of the Dungeon
  4952 | D:5      | Found an opulent altar of Gozag.
  5198 | D:5      | Reached skill level 7 in Long Blades
  5737 | D:5      | Reached XP level 8. HP: 61/70 MP: 10/10
  5867 | D:6      | Gained mutation: Your mind is acute. (Int +2) [mutagenic meat]
  5870 | D:6      | Gained mutation: Potions and wands are less effective at restoring your health. [mutagenic meat]
  5873 | D:6      | Gained mutation: You are weak. (Str -2) [mutagenic meat]
  5980 | D:6      | Noticed Menkaure
  5987 | D:6      | Killed Menkaure
  5987 | D:6      | Reached skill level 8 in Long Blades
  6158 | D:6      | Found a snail-covered altar of Cheibriados.
  6168 | D:6      | Found an ancient bone altar of Kikubaaqudgha.
  6474 | D:6      | Found an oddly glowing altar of Pakellas.
  6520 | D:6      | Found a runed door.
  6524 | D:6      | Noticed Crazy Yiuf
  6527 | D:6      | Killed Crazy Yiuf
  6638 | D:7      | Found Jaudgh's Distillery.
  6641 | D:7      | Bought a potion of berserk rage for 65 gold pieces
  6873 | D:7      | HP: 3/73 [black bear (5)]
  6874 | D:7      | Slain by a black bear

Vault maps used:
D:1:      co_arrival_random_square_maze, minivault_14
D:2:      kennysheep_six_static_rooms, old_standard_altar
D:3:      lemuel_round_altar, first_bread, gup_sewer_entry_glass,
          ecumenical_altar_2, uniq_natasha
D:4:      elyvilon_altar_5, serial_shops, shop, kennysheep_small_spiral,
          minmay_unequal, uniq_edmund
D:5:      nicolae_gozag_seed_capital
D:6:      amethyst_overflow_temple_binary, grunt_pakellas_sulfur, uniq_menkaure,
          uniq_crazy_yiuf_cottage
D:7:      serial_curves, eino_curves_01, eino_curves_03, eino_curves_03,
          eino_curves_04, serial_shops, shop, shop, uniq_joseph
Sewer:    sewer_minmay_treatment

Skill      XL: |  1  2  3  4  5  6  7  8 |
---------------+-------------------------+-----
Long Blades    | 2 3 4 5 6 7 8 |  8.8
Fighting       | 3 4 6 7 |  7.3
Armour         | |  2.6
Shields        | |  2.6

Action                   |  1- 3 |  4- 6 |  7- 9 || total
-------------------------+-------+-------+-------++-------
Melee: Long sword        |   174 |   378 |    31 ||   583
       Rapier            |       |       |   171 ||   171
       Scimitar          |       |       |    30 ||    30
Evoke: Wand              |       |       |     5 ||     5
  Use: Potion            |       |     2 |       ||     2
       Scroll            |       |     6 |     3 ||     9
  Eat: Chunk             |     3 |     8 |    11 ||    22
Armor: Scale mail        |    34 |   150 |    79 ||   263
       Plate armour      |    57 |       |       ||    57
Dodge: Dodged            |    37 |   113 |    55 ||   205
Block: Shield            |    84 |   183 |    81 ||   348
